 Dungeon Crawl Stone Soup version 0.29-a0-25-g7f48f510a0 (webtiles) character file.

Game seed: 6323147274199837843

230611 Jannitor the Unseen (level 18, -13/105 HPs)
             Began as a Spriggan Arcane Marksman on Jan 30, 2022.
             Was the Champion of Ashenzari.
             Killed from afar by an ironbound frostheart (19 damage)
             ... by creeping frost
             ... on level 4 of the Vaults on Jan 31, 2022.
             The game lasted 03:19:47 (62674 turns).

Jannitor the Unseen (Spriggan Arcane Marksman)     Turns: 62674, Time: 03:19:47

Health: -13/105    AC:  9    Str: 10    XL:     18   Next: 77%
Magic:  18/42      EV: 26    Int: 18    God:    Ashenzari [******]
Gold:   3800       SH: 11    Dex: 19    Spells: 4/56 levels left

rFire   . . .      SeeInvis +   b - +8 rapier of the Cursed Seer {speed, Stlth+, Bglg, Elem} (curse)
rCold   . . .      Faith    .   O - +2 buckler "Cryptic Seeker" {Evo, Bglg} (curse)
rNeg    . . .      Spirit   .   K - +0 acid dragon scales "Perceptive Regret" {rCorr, Melee, Bglg} (curse)
rPois   +          Reflect  .   T - +2 hat of the Chained Failure {Cun, Self} (curse)
rElec   +          Harm     .   V - scarf "Overhang to Understand" {shadows, Self, Cun} (curse)
rCorr   +          Rampage  .   (gloves unavailable)
Will    +++..      Clarity  +   (boots unavailable)
Stlth   +++++++++.              Q - amulet of Ashenzari's Anxiety {Acrobat rElec Dex+3, Cun, Range} (curse)
HPRegen 0.27/turn               L - ring "Circumscribed Together" {Slay+4, Evo, Alch} (curse)
MPRegen 0.28/turn               n - ring of Ashenzari's Visionary {rPois, Range, Self} (curse)

@: about to teleport, frozen, quick
A: very small, no large weapons, unfitting armour, see invisible, speed 3
}: 1/15 runes: gossamer
a: Renounce Religion, Shatter the Chains


You were on level 4 of the Vaults.
You worshipped Ashenzari.
Ashenzari was exalted by your worship.
You visited 7 branches of the dungeon, and saw 33 of its levels.
You visited 1 bazaar.
You also visited: Trove, Sewer, Ossuary and Ice Cave.

You collected 6429 gold pieces.
You spent 2629 gold pieces at shops.

Inventory:

Hand Weapons
 b - the cursed +8 rapier of the Cursed Seer (weapon) {speed, Stlth+, Bglg, Elem}
   (You found it on level 11 of the Dungeon)

   Attacks with this weapon are significantly faster.
   Stlth:     It makes you more stealthy.
   It has a curse which improves the following skills: Beguiling: Conjurations,
   Hexes and Translocations.
   Elements:  Fire Magic, Ice Magic, Air Magic and Earth Magic.
Missiles
 a - 14 atropa-tipped darts (quivered)
 f - 2 poisoned darts
 s - a curare-tipped dart
 S - 2 throwing nets
Armour
 K - the cursed +0 acid dragon scales "Perceptive Regret" (worn) {rCorr, Melee, Bglg}
   (You took it off Maggie on level 8 of the Dungeon)

   rCorr:     It protects you from acid and corrosion.
   It has a curse which improves the following skills: Melee Combat: Short
   Blades, Long Blades, Axes, Maces & Flails, Polearms, Staves and Unarmed
   Combat.
   Beguiling: Conjurations, Hexes and Translocations.
 O - the cursed +2 buckler "Cryptic Seeker" (worn) {Evo, Bglg}
   (You found it on level 1 of the Lair of Beasts)

   It has a curse which improves the following skills: Evocations: Evocations.
   Beguiling: Conjurations, Hexes and Translocations.
 T - the cursed +2 hat of the Chained Failure (worn) {Cun, Self}
   (You found it on level 4 of the Spider Nest)

   It has a curse which improves the following skills: Cunning: Dodging and
   Stealth.
   Introspection: Fighting and Spellcasting.
 V - the cursed scarf "Overhang to Understand" (worn) {shadows, Self, Cun}
   (You found it on level 4 of the Spider Nest)

   It has a curse which improves the following skills: Introspection: Fighting
   and Spellcasting.
   Cunning:   Dodging and Stealth.
Jewellery
 i - a ring of willpower
 n - the cursed ring of Ashenzari's Visionary (right hand) {rPois, Range, Self}
   (You found it on level 4 of the Dungeon)

   [ring of poison resistance]

   rPois:     It protects you from poison.
   It has a curse which improves the following skills: Ranged Combat: Slings,
   Bows, Crossbows and Throwing.
   Introspection: Fighting and Spellcasting.
 y - a ring of ice
 L - the cursed ring "Circumscribed Together" (left hand) {Slay+4, Evo, Alch}
   (You found it on level 9 of the Dungeon)

   [ring of slaying]

   Slay:      It affects your accuracy & damage with ranged weapons and melee
   (+4).
   It has a curse which improves the following skills: Evocations: Evocations.
   Alchemy:   Poison Magic and Transmutations.
 Q - the cursed amulet of Ashenzari's Anxiety (around neck) {Acrobat rElec Dex+3, Cun, Range}
   (You bought it in a shop on level 9 of the Dungeon)

   [amulet of the acrobat]

   It increases your evasion while moving and waiting.
   Dex:       It affects your dexterity (+3).
   rElec:     It insulates you from electricity.
   It has a curse which improves the following skills: Cunning: Dodging and
   Stealth.
   Ranged Combat: Slings, Bows, Crossbows and Throwing.
 R - a ring of protection from fire
Wands
 c - a wand of charming (5)
 d - a wand of flame (19)
 m - a wand of mindburst (28)
 u - a wand of polymorph (5)
 x - a wand of acid (16)
 z - a wand of digging (3)
 D - a wand of paralysis (7)
 J - a wand of iceblast (29)
Scrolls
 h - a scroll of enchant weapon
 k - 2 scrolls of summoning
 p - a scroll of holy word
 t - 4 scrolls of vulnerability
 A - 5 scrolls of teleportation
 B - 6 scrolls of amnesia
 C - 5 scrolls of fog
 G - 2 scrolls of silence
 M - 4 scrolls of brand weapon
 N - 2 scrolls of fear
 U - 3 scrolls of enchant armour
 X - a scroll of magic mapping
 Z - a scroll of acquirement
Potions
 e - 2 potions of haste
 g - 7 potions of curing
 j - 7 potions of brilliance
 l - 4 potions of mutation
 o - 3 potions of cancellation
 q - 5 potions of flight
 r - 6 potions of attraction
 v - 8 potions of ambrosia
 w - 3 potions of might
 H - 2 potions of heal wounds
 I - 7 potions of lignification
 P - 4 potions of magic
 W - 4 potions of resistance
Miscellaneous
 E - a condenser vane


   Skills:
 + Level 11.0(16.1) Fighting
 - Level 11.8(14.4) Short Blades
 - Level 10.6(15.0) Slings
 + Level 5.1(10.5) Throwing
 - Level 6.3 Armour
 + Level 9.9(15.0) Dodging
 * Level 18.6(23.4) Stealth
 - Level 9.5 Shields
 + Level 14.6(19.6) Spellcasting
 * Level 17.2(22.1) Hexes
 + Level 2.8 Summonings
 - Level 12.8(17.9) Translocations
 - Level 6.5(9.2) Transmutations
 - Level 1.7(3.6) Earth Magic


You had 4 spell levels left.
You knew the following spells:

 Your Spells              Type           Power      Damage    Failure   Level
a - Slow                  Hex            100%       N/A       0%          1
b - Confusing Touch       Hex            78%        N/A       0%          3
c - Passwall              Tmut/Erth      33%        N/A       1%          2
d - Inner Flame           Hex/Fire       55%        N/A       1%          3
e - Portal Projectile     Hex/Tloc       100%       N/A       0%          3
f - Cause Fear            Hex            39%        N/A       0%          4
g - Yara's Violent Unrav  Hex/Tmut       32%        3d13      1%          5
h - Enfeeble              Hex            39%        N/A       1%          7
i - Petrify               Tmut/Erth      40%        N/A       5%          4
j - Blink                 Tloc           100%       N/A       0%          2
k - Manifold Assault      Tloc           70%        N/A       1%          5
l - Silence               Hex/Air        27%        N/A       1%          5
m - Lesser Beckoning      Tloc           70%        N/A       0%          3
n - Summon Forest         Summ/Tloc      26%        N/A       2%          5

Your spell library contained the following spells:

 Spells                   Type           Power      Damage    Failure   Level
 Gell's Gravitas          Tloc           70%        N/A       0%          3
 Teleport Other           Tloc           70%        N/A       0%          3
 Tukima's Dance           Hex            78%        N/A       0%          3
 Ensorcelled Hibernation  Hex/Ice        100%       N/A       1%          2
 Dazzling Flash           Conj/Hex       100%       N/A       1%          3
 Summon Guardian Golem    Hex/Summ       58%        N/A       1%          3
 Anguish                  Hex/Necr       27%        N/A       1%          4
 Fulminant Prism          Conj/Hex       28%        3d14      1%          4
 Iskenderun's Mystic Bla  Conj/Tloc      50%        2d11      1%          4
 Passage of Golubria      Tloc           70%        N/A       1%          4
 Summon Small Mammal      Summ           100%       N/A       2%          1
 Spider Form              Tmut/Pois      34%        N/A       3%          3
 Magic Dart               Conj           80%        1d7       5%          1
 Freeze                   Ice            72%        1d9       6%          1
 Shock                    Conj/Air       76%        1d7       6%          1
 Call Canine Familiar     Summ           28%        N/A       7%          3
 Searing Ray              Conj           40%        2d5       9%          2
 Static Discharge         Conj/Air       19%        N/A       9%          2
 Poisonous Vapours        Pois/Air       36%        N/A       10%         2
 Corpse Rot               Necr/Air       36%        N/A       11%         2
 Sublimation of Blood     Necr           17%        N/A       12%         2
 Frozen Ramparts          Ice            36%        1d5       19%         3
 Swiftness                Air            18%        N/A       19%         3
 Summon Lightning Spire   Summ/Air       23%        N/A       36%         4
 Hailstorm                Conj/Ice       19%        3d6       52%         4
 Airstrike                Air            9%         N/A       54%         4
 Olgreb's Toxic Radiance  Pois           18%        N/A       54%         4
 Dispersal                Tloc           35%        N/A       1%          6
 Irradiate                Conj/Tmut      17%        3d19      26%         5
 Eringya's Noxious Bog    Tmut/Pois      17%        N/A       85%         6
 Lightning Bolt           Conj/Air       9%         1d22      86%         5
 Starburst                Conj/Fire      9%         6d5       100%        6
 Ozocubu's Refrigeration  Ice            9%         4d6       100%        7
 Storm Form               Tmut/Air       17%        N/A       100%        7
 Summon Hydra             Summ           14%        N/A       100%        7
 Ignition                 Fire           9%         3d5       100%        8
 Lehudib's Crystal Spear  Conj/Erth      12%        10d4      100%        8
 Maxwell's Capacitive Co  Air            9%         ∞         100%        8


Dungeon Overview and Level Annotations

Branches:
Dungeon (15/15)            Temple (1/1) D:6            Lair (6/6) D:8
 Shoals (0/4) Lair:4       Spider (4/4) Lair:4        Slime (0/5) Lair:5
    Orc (2/2) D:9             Elf (1/3) Orc:2        Vaults (4/5) D:14
  Crypt (0/3) Vaults:3     Depths (0/4) D:15          Sewer (visited)
Ossuary (visited)           IceCv (visited)

Altars:
Ashenzari
Cheibriados
Dithmenos
Elyvilon
Fedhas
Gozag
Hepliaklqana
Kikubaaqudgha
Makhleb
Nemelex Xobeh
Okawaru
Qazlal
Ru
Sif Muna
Trog
Uskayaw
Vehumet
Wu Jian
Xom
Yredelemnul
Zin
The Shining One
Beogh

Shops:
D:2 ?   D:9 =   Orc:2 [*[*

Annotations:
D:4 1 runed translucent door, Crazy Yiuf
D:5 3 runed translucent doors, Sickboy's ghost, amateur MiFi; brandma555's ghost, novice MiHu
D:13 exclusions: hydra, tengu warrior and two-headed ogre, Jorgrun
D:15 exclusions: death knight and deep elf pyromancer
Lair:6 2 transporters, exclusions: obsidian statue and oklob plant, brandma555's ghost, journeyman DsAK
Spider:1 Roxanne
Vaults:2 3 runed translucent doors, Majang's ghost, adept SpFi
Vaults:4 1 transporter


Innate Abilities, Weirdness & Mutations

You are very small and have problems with some larger weapons.
You are too small for most types of armour.
You have supernaturally acute eyesight. (SInv)
You cover ground extremely quickly. (Speed+++)


Message History

You feel magically purged.
The sentinel's mark upon you fades away.
Unknown command.
Unknown command.
Magic courses through your body.
The deep elf high priest calls down the wrath of its god upon you.
The sphere of damnation explodes!
The damnation engulfs you!!
Unknown command.
Casting: Enfeeble (dangerous; 1% risk of failure)
Confirm with . or Enter, or press ? or * to list all spells.
Aiming: Enfeeble (dangerous; 1% risk of failure)
Press: ? - help, Shift-Dir - straight line, f/p - deep troll earth mage
Aim: a deep troll earth mage (dazed, weak, magic disrupted, will inflict weakness and antimagic, chance to daze: 97%)
The deep troll earth mage is enfeebled!
Unknown command.
Casting: Enfeeble (dangerous; 1% risk of failure)
Confirm with . or Enter, or press ? or * to list all spells.
Aiming: Enfeeble (dangerous; 1% risk of failure)
Press: ? - help, Shift-Dir - straight line, f/p - deep troll earth mage
Aim: a deep troll earth mage (dazed, weak, magic disrupted, will inflict weakness and antimagic, chance to daze: 97%)
The deep troll earth mage is enfeebled!
The worm changes into a sky beast!
The vault sentinel blows a loud note on a signal horn!
The deep troll earth mage completely misses you.
The deep troll earth mage barely misses you.
The deep troll earth mage claws you but does no damage.
The ironbound frostheart calls freezing cold from the walls.
The frost grips you!!
You are encased in ice.
As you read the scroll of teleportation, it crumbles to dust.
You feel strangely unstable.
The sky beast changes into a hog!
The deep troll earth mage points next to you and mumbles some strange words.
The metal wall shatters!
The blast of metal fragments hits you!!
* * * LOW HITPOINT WARNING * * *
You block the deep troll earth mage's attack.
The deep troll earth mage claws you!
* * * LOW HITPOINT WARNING * * *
The deep troll earth mage misses you.
The ironbound frostheart calls freezing cold from the walls.
The frost grips you!!
You die...

#)###********###.....#.##
#####********###.....#.##
#[##############.....#.##
##**..##########.....#..#
#}*#CT{.........../.©#©.#
##*#c{e#########.....#..#
#$#####{.#######.....#.##
########..######.....#.##
#=#######.cTp[pT@....#.##
#######....h##########.##
.#####.....Ce.###......##
.################.#######
.################.###♣###
.################.#######
..................#######
######################
######################


You could see a stone giant, a yaktaur captain, an ironbound frostheart, a vault
sentinel (catching breath), a deep elf high priest, 2 deep troll earth magi and
a hog shaped shifter.

Vanquished Creatures
  A bone dragon (Vaults:3)
  Rupert (D:12)
  A lich (Vaults:1)
  A fire giant (Vaults:4)
  8 vault wardens
  2 emperor scorpions (Spider:4)
  2 ghost moths (Spider:4)
  5 orc warlords
  12 ironbound preservers
  2 war gargoyles (Vaults:4)
  5 ironbound thunderhulks
  7 very ugly things
  2 broodmothers
  A stone giant (Vaults:4)
  3 entropy weavers
  2 deep elf annihilators
  17 dire elephants
  2 spark wasps
  Snorg (D:10)
  Josephine (D:10)
  A merfolk impaler (Vaults:2)
  A crystal guardian (Vaults:4)
  2 deep elf high priests (Vaults:1)
  6 yaktaur captains
  2 great orbs of eyes (Vaults:2)
  5 boulder beetles
  2 ice dragons (D:15)
  A vault guard (Vaults:2)
  3 hydras
  3 jorogumos
  2 peacekeepers
  An ogre mage (D:15)
  6 two-headed ogres
  A catoblepas (Lair:2)
  8 ironbound frosthearts
  25 centaur warriors
  A death knight (D:15)
  A dancing weapon (Orc:2)
  15 death yaks
  7 death scarabs (Spider:4)
  An orc high priest (Orc:2)
  Urug (Lair:4)
  5 pharaoh ants
  5 orb spiders
  10 steelbarb worms
  27 deep trolls
  A spectral wolf spider (Spider:4)
  A phantasmal warrior (D:14)
  A lindwurm (Vaults:1)
  7 wizards
  21 ironbound convokers
  2 necromancers
  6 orc knights
  2 wolf spider zombies (Spider:4)
  2 harpies (Vaults:4)
  Pikel (D:4)
  A deep elf zephyrmancer (Orc:2)
  13 ugly things
  2 deep elf pyromancers
  3 cyclopes
  A human zombie (Vaults:4)
  12 wolf spiders
  5 orc sorcerers (Orc:2)
  29 slime creatures
  2 moths of wrath (Spider:4)
  A manticore (D:15)
  9 elephants
  A moth of wrath (shapeshifter) (Vaults:3)
  Maurice (D:10)
  3 black mambas
  A gargoyle (D:14)
  12 vault sentinels
  3 ice statues (IceCv)
  7 demonic crawlers
  4 rime drakes
  Maggie (D:8)
  2 spectral redbacks (Spider:4)
  6 cane toads
  A yaktaur zombie (Vaults:4)
  An unseen horror (D:12)
  2 komodo dragons (Lair:6)
  16 yaktaurs
  An anaconda simulacrum (IceCv)
  A freezing wraith (D:14)
  4 trolls
  3 merfolk (Lair:4)
  8 meliai
  A queen bee (shapeshifter) (D:15)
  2 hornets
  A spectral culicivora (Spider:4)
  4 spectral tarantellas (Spider:4)
  18 blink frogs
  2 spectral jumping spiders (Spider:4)
  9 tarantellas
  A jumping spider zombie (Spider:4)
  A human skeleton (Vaults:4)
  2 tarantella zombies (Spider:4)
  20 jumping spiders
  A stone giant simulacrum (Vaults:4)
  2 water elementals (D:12)
  2 vampires
  18 culicivoras
  8 wraiths
  A wyvern (D:7)
  A fire elemental (Orc:2)
  33 yaks
  A shadow (D:9)
  A dire elephant simulacrum (IceCv)
  Grum (D:11)
  A death yak simulacrum (Lair:6)
  32 redbacks
  A basilisk (Lair:3)
  4 vampire mosquitoes (D:12)
  An ogre zombie (Vaults:4)
  8 wargs
  2 acid dragons
  13 water moccasins
  21 orc warriors
  A black bear (D:5)
  2 ice beasts
  A swamp drake (D:9)
  6 boggarts (Vaults:2)
  An elephant zombie (Lair:6)
  44 wolves
  10 ogres
  A phantom (D:4)
  4 centaurs
  3 lemures (D:4)
  2 kobold brigands (D:11)
  9 bullfrogs
  A scorpion (D:4)
  3 cane toad simulacra
  3 two-headed ogre simulacra (D:12)
  3 elephant simulacra
  21 killer bees
  7 wights
  5 electric eels
  3 howler monkeys
  A centaur zombie (D:7)
  13 jellies (Lair:5)
  2 bullfrog zombies (D:5)
  24 orc priests
  6 hounds
  A bullfrog skeleton (D:6)
  An iguana (D:5)
  27 orc wizards
  Natasha (thrice) (D:4)
  A spriggan simulacrum (D:12)
  A troll simulacrum (D:12)
  A hell rat (D:8)
  2 merfolk sirens
  3 polar bear simulacra
  A merfolk avatar (Sewer)
  A killer bee zombie (D:6)
  A wolf simulacrum (IceCv)
  A howler monkey skeleton (D:6)
  4 adders
  6 river rats
  2 white imps (D:8)
  2 ufetubi
  2 adder zombies (Ossuary)
  2 worms
  3 dart slugs
  79 orcs
  10 bats
  9 endoplasms
  4 giant cockroaches
  7 goblins
  3 hobgoblins
  10 jackals
  8 quokkas
  7 ball pythons
  6 frilled lizards
  3 hobgoblin skeletons (Ossuary)
  A hobgoblin zombie (Ossuary)
  11 kobolds
  An orc skeleton (Ossuary)
  An orc zombie (Ossuary)
  25 rats
  A bush (Lair:3)
1058 creatures vanquished.

Vanquished Creatures (collateral kills)
  A deep troll earth mage (Vaults:4)
  3 deep trolls
  A harpy (Vaults:4)
  An ironbound convoker (Vaults:4)
  An orc sorcerer (Orc:2)
  A yaktaur (Vaults:4)
  A meliai (Spider:3)
  An orc warrior (Orc:2)
  An orc (Orc:2)
11 creatures vanquished.

Vanquished Creatures (others)
  A culicivora (Spider:4)
  A redback (Spider:3)
  A boggart (Vaults:2)
  43 fungi
  73 plants
  18 withered plants (Lair:6)
137 creatures vanquished.

Grand Total: 1206 creatures vanquished

Notes
Turn   | Place    | Note
-------+----------+-------------------------------------------
     0 | D:1      | Jannitor the Spriggan Arcane Marksman began the quest for
                  | the Orb.
     0 | D:1      | Reached XP level 1. HP: 9/9 MP: 3/3
   162 | D:1      | Reached skill level 1 in Fighting
   187 | D:1      | Reached XP level 2. HP: 12/14 MP: 5/5
   192 | D:1      | Reached skill level 1 in Stealth
  1535 | D:2      | Found Yhias's Magic Scroll Boutique.
  1542 | D:2      | Reached XP level 3. HP: 18/18 MP: 7/7
  1744 | D:2      | Found a faded altar of an unknown god.
  2173 | D:2      | Found a glowing silver altar of Zin.
  2458 | D:2      | Reached skill level 1 in Short Blades
  2460 | D:2      | Reached skill level 2 in Stealth
  2792 | D:3      | Reached XP level 4. HP: 11/22 MP: 6/8
  3815 | D:4      | Found a sand-covered staircase.
  3824 | Ossuary  | Entered an ossuary
  4185 | Ossuary  | Reached XP level 5. HP: 25/25 MP: 8/10
  4222 | Ossuary  | Reached skill level 3 in Stealth
  4227 | Ossuary  | Learned a level 3 spell: Confusing Touch
  4268 | Ossuary  | Noticed a flying skull
  4268 | Ossuary  | Noticed a wraith
  4277 | Ossuary  | Noticed a flying skull
  4303 | Ossuary  | Noticed a flying skull
  4313 | Ossuary  | Noticed a flying skull
  4377 | Ossuary  | Noticed a wraith
  4407 | Ossuary  | Reached XP level 6. HP: 30/30 MP: 7/11
  4454 | Ossuary  | Noticed a wraith
  5394 | D:4      | Noticed Pikel
  5934 | D:4      | HP: 1/30 [lemure[Pikel] (9)]
  6317 | D:4      | Noticed Natasha
  6337 | D:4      | Reached skill level 4 in Stealth
  6522 | D:4      | Killed Pikel
  6523 | D:4      | Reached skill level 5 in Dodging
  6523 | D:4      | Reached skill level 5 in Stealth
  6523 | D:4      | Reached skill level 5 in Hexes
  6523 | D:4      | Reached XP level 7. HP: 20/35 MP: 8/12
  6676 | D:4      | Killed Natasha
  6807 | D:4      | Noticed Natasha
  6818 | D:4      | Killed Natasha
  6977 | D:4      | Found a runed translucent door.
  6978 | D:4      | Noticed Crazy Yiuf
  6987 | D:4      | Noticed Natasha
  6996 | D:4      | Killed Natasha
  7085 | D:5      | Entered Level 5 of the Dungeon
  7125 | D:5      | Reached XP level 8. HP: 40/40 MP: 11/13
  7241 | D:5      | Reached skill level 5 in Slings
  7450 | D:5      | Found a runed translucent gate.
  7450 | D:5      | Found a runed translucent gate.
  7450 | D:5      | Found a runed translucent gate.
  7457 | D:5      | Noticed Sickboy's ghost (amateur MiFi)
  7457 | D:5      | Noticed brandma555's ghost (novice MiHu)
  7713 | D:5      | Found a shadowy altar of Dithmenos.
  7721 | D:5      | Found a hazy altar of Hepliaklqana.
  7860 | D:6      | Found a glowing drain.
  7870 | Sewer    | Entered a sewer
  7938 | Sewer    | Reached skill level 6 in Stealth
  8397 | D:6      | Found a staircase to the Ecumenical Temple.
  8940 | D:6      | Reached skill level 7 in Stealth
  9076 | Temple   | Entered the Ecumenical Temple
  9191 | Temple   | Became a worshipper of Ashenzari the Shackled
  9851 | D:7      | Learned a level 2 spell: Passwall
  9855 | D:7      | Learned a level 3 spell: Inner Flame
  9859 | D:7      | Learned a level 3 spell: Portal Projectile
  9866 | D:7      | Noticed a hornet
 10258 | D:7      | Reached XP level 9. HP: 36/45 MP: 7/14
 10778 | D:7      | Reached skill level 5 in Short Blades
 10842 | D:7      | Found a glowing silver altar of Zin.
 11134 | D:7      | Found an iron altar of Okawaru.
 11136 | D:7      | Found a radiant altar of Vehumet.
 11158 | D:7      | Reached * piety under Ashenzari
 11158 | D:7      | Identified a scroll of acquirement
 11159 | D:7      | Acquired a There-And-Back Book
 11500 | D:8      | Noticed a death yak
 11501 | D:8      | Noticed a death yak
 11520 | D:8      | Noticed a death yak
 12249 | D:7      | Killed a death yak
 12250 | D:7      | Reached skill level 8 in Stealth
 12906 | D:8      | Reached ** piety under Ashenzari
 13127 | D:8      | Noticed Maggie
 13151 | D:8      | Killed Maggie
 13152 | D:8      | Reached XP level 10. HP: 44/53 MP: 16/20
 13350 | D:8      | Found a staircase to the Lair.
 13476 | D:9      | Reached skill level 5 in Spellcasting
 13678 | D:9      | Reached *** piety under Ashenzari
 13729 | D:9      | Found Gute's Jewellery Shoppe.
 13953 | D:9      | Reached skill level 9 in Stealth
 14236 | D:9      | Reached skill level 5 in Fighting
 14575 | D:9      | Found a staircase to the Orcish Mines.
 14928 | D:10     | Entered Level 10 of the Dungeon
 15083 | D:10     | Noticed Maurice
 15140 | D:10     | Killed Maurice
 15182 | D:10     | Noticed Josephine
 15217 | Lair:1   | Entered Level 1 of the Lair of Beasts
 15584 | Lair:1   | Reached skill level 10 in Stealth
 15829 | Lair:1   | Reached XP level 11. HP: 31/58 MP: 24/24
 16071 | Lair:1   | Learned a level 4 spell: Cause Fear
 16077 | Lair:1   | Learned a level 5 spell: Yara's Violent Unravelling
 16241 | Lair:1   | Reached skill level 1 in Shields
 16268 | Lair:1   | Reached skill level 1 in Transmutations
 17174 | Lair:1   | Reached skill level 1 in Earth Magic
 17752 | Lair:2   | Noticed a death yak
 17822 | Lair:2   | Noticed a catoblepas
 17833 | Lair:2   | Noticed a death yak
 17842 | Lair:2   | Noticed a death yak
 18060 | Lair:2   | Noticed a death yak
 18086 | Lair:2   | Noticed a death yak
 18093 | Lair:1   | Killed a death yak
 18168 | Lair:1   | Killed a death yak
 18520 | Lair:2   | Noticed a death yak
 18621 | D:9      | Bought the amulet "Arickaw" {Acrobat rElec Dex+3} for 754
                  | gold pieces
 18626 | D:9      | Reached **** piety under Ashenzari
 18678 | Orc:1    | Entered Level 1 of the Orcish Mines
 18681 | Orc:1    | Reached skill level 11 in Stealth
 18757 | Orc:2    | Entered Level 2 of the Orcish Mines
 18757 | Orc:2    | Found a staircase to the Elven Halls.
 18783 | Orc:2    | Noticed an orc warlord
 19318 | D:10     | Noticed Snorg
 19359 | D:10     | Killed Snorg
 19498 | D:10     | Noticed a two-headed ogre
 19580 | D:10     | Killed a two-headed ogre
 20032 | D:10     | Reached XP level 12. HP: 65/65 MP: 26/26
 20151 | D:10     | Killed Josephine
 20217 | D:11     | Noticed Grum
 20422 | D:11     | Identified the +8 rapier of Puopleej {speed, Stlth+}
 20455 | D:11     | Found an ornate altar of the Wu Jian Council.
 20691 | D:11     | Killed Grum
 21207 | D:12     | Found a frozen archway.
 21252 | IceCv    | Entered an ice cave
 21377 | IceCv    | Reached skill level 10 in Hexes
 21935 | IceCv    | Reached skill level 5 in Transmutations
 21953 | IceCv    | Reached skill level 1 in Armour
 21953 | IceCv    | Reached skill level 12 in Stealth
 21953 | IceCv    | Reached skill level 1 in Translocations
 22442 | D:12     | Found a portal to a secret trove of treasure.
 22919 | Orc:2    | Learned a level 7 spell: Enfeeble
 23536 | Orc:2    | Noticed an orc high priest
 23700 | Orc:2    | Killed an orc warlord
 23738 | Orc:2    | Killed an orc high priest
 24156 | Orc:2    | Found a radiant altar of Vehumet.
 24173 | Orc:2    | Reached skill level 5 in Shields
 24187 | Orc:2    | Reached XP level 13. HP: 70/70 MP: 28/28
 24308 | Orc:1    | Noticed an orc warlord
 24338 | Orc:1    | Reached ***** piety under Ashenzari
 25148 | Orc:2    | Found Wuaruro's Antique Armour Shop.
 25148 | Orc:2    | Found Renomiu's Antique Armour Boutique.
 25148 | Orc:2    | Found Vasovyis's Assorted Antiques.
 25157 | Orc:2    | Found Kourr's Assorted Antiques.
 25176 | Orc:2    | Bought a glowing buckler for 210 gold pieces
 25176 | Orc:2    | Bought a potion of haste for 280 gold pieces
 25176 | Orc:2    | Bought a potion of heal wounds for 140 gold pieces
 25380 | Orc:1    | Killed an orc warlord
 26341 | Lair:3   | Reached skill level 13 in Stealth
 27466 | Lair:3   | Reached skill level 10 in Slings
 28134 | Lair:4   | Noticed Urug
 28141 | Lair:4   | Killed Urug
 28178 | Lair:4   | Found a hole to the Spider Nest.
 28251 | Lair:4   | Learned a level 4 spell: Petrify
 28254 | Lair:4   | Learned a level 2 spell: Blink
 29020 | Lair:4   | Found a staircase to the Shoals.
 29632 | Lair:5   | Found a staircase to the Slime Pits.
 30881 | Lair:5   | Reached XP level 14. HP: 76/76 MP: 29/31
 31184 | Lair:6   | Entered Level 6 of the Lair of Beasts
 31189 | Lair:6   | Reached skill level 10 in Short Blades
 31624 | Lair:6   | Found a transporter.
 31656 | Lair:6   | Found a transporter.
 31790 | Lair:6   | Noticed brandma555's ghost (journeyman DsAK)
 31922 | Lair:6   | Reached skill level 10 in Spellcasting
 32937 | Lair:6   | Reached skill level 5 in Translocations
 33899 | D:12     | Noticed Rupert
 34435 | D:12     | Killed Rupert
 35117 | D:13     | Noticed Jorgrun
 35708 | D:14     | Found a gate to the Vaults.
 36072 | D:15     | Entered Level 15 of the Dungeon
 36551 | D:15     | Found a glowing silver altar of Zin.
 36690 | D:15     | Reached XP level 15. HP: 81/81 MP: 30/33
 36933 | D:15     | Found a staircase to the Depths.
 37363 | Spider:1 | Entered Level 1 of the Spider Nest
 37700 | Spider:1 | Identified Roxanne's Almanac of Shape Shifting
 37700 | Spider:1 | Noticed Roxanne
 39103 | Spider:2 | Reached skill level 5 in Armour
 39525 | D:12     | You paid a toll of 6 potions of haste to enter a treasure
                  | trove
 39526 | Trove    | Entered a treasure trove
 39529 | Trove    | Identified the ring of Oenomania {EV+4 Int+2}
 39786 | Spider:1 | Upgraded the game from 0.29-a0-23-ga79f92ac9c to
                  | 0.29-a0-25-g7f48f510a0
 40726 | Spider:3 | Learned a level 5 spell: Manifold Assault
 42897 | Spider:4 | Entered Level 4 of the Spider Nest
 45169 | Spider:4 | Noticed an emperor scorpion
 46189 | Spider:4 | Reached XP level 16. HP: 82/88 MP: 15/35
 47540 | Spider:4 | Reached skill level 10 in Translocations
 49049 | Spider:4 | Got a gossamer rune of Zot
 49431 | Elf:1    | Entered Level 1 of the Elven Halls
 49688 | Vaults:1 | Entered Level 1 of the Vaults
 51477 | Vaults:1 | Reached skill level 14 in Stealth
 51497 | Vaults:1 | Identified the +1 buckler of the Hall of Blades {Rampage
                  | Int+5 Dex-5}
 51653 | Vaults:1 | Learned a level 5 spell: Silence
 51992 | Vaults:1 | Reached ****** piety under Ashenzari
 52052 | Vaults:1 | Reached skill level 10 in Fighting
 52169 | Vaults:1 | Learned a level 3 spell: Lesser Beckoning
 52786 | Vaults:1 | Reached XP level 17. HP: 92/95 MP: 15/38
 52975 | Vaults:1 | Reached skill level 15 in Hexes
 53019 | Vaults:1 | Reached skill level 15 in Stealth
 53523 | Vaults:1 | Noticed a lich
 53623 | Vaults:1 | Killed a lich
 53942 | Vaults:2 | Reached skill level 1 in Throwing
 55258 | Vaults:2 | Reached skill level 16 in Stealth
 57057 | Vaults:2 | Found a runed translucent gate.
 57058 | Vaults:2 | Found a runed translucent gate.
 57058 | Vaults:2 | Found a runed translucent gate.
 57060 | Vaults:2 | Noticed Majang's ghost (adept SpFi)
 57060 | Vaults:2 | Identified the +1 leather armour "Qox Farr" {Slay+3}
 57060 | Vaults:2 | Identified the +5 great mace of the Poles {speed, +Blink
                  | rPois rC- rN+}
 58266 | Vaults:3 | Reached skill level 17 in Stealth
 58378 | Vaults:3 | Noticed a bone dragon
 58380 | Vaults:3 | Found a staircase to the Crypt.
 58401 | Vaults:3 | Killed a bone dragon
 58541 | Vaults:3 | Learned a level 5 spell: Summon Forest
 58583 | Vaults:3 | Reached XP level 18. HP: 105/105 MP: 11/42
 59184 | Vaults:3 | Reached skill level 1 in Summonings
 60296 | Vaults:4 | Identified the +3 morningstar "Rewexi" {elec, rElec Stlth+}
 60369 | Vaults:4 | Identified the +6 shortbow "Gubiwko" {venom, MP+9}
 60430 | Vaults:4 | Found a flickering gateway to a bazaar.
 60440 | Bazaar   | Entered a bazaar
 60516 | Bazaar   | Found Cairph's Jewellery Shop.
 60530 | Bazaar   | Found Jemp's Book Shop.
 60573 | Bazaar   | Bought the ring of Zunam {rElec rN++ Int+6} for 1245 gold
                  | pieces
 60962 | Vaults:4 | Reached skill level 18 in Stealth
 61346 | Vaults:4 | Identified the +10 whip "Orb Guardian's Curse" {venom,
                  | rElec rC- Int-4 Dex+9}
 61348 | Vaults:4 | Identified the ring of Wusave {rN++ rCorr Int-2 Dex+3}
 61349 | Vaults:4 | Found a transporter.
 61351 | Vaults:4 | Identified the ring "Dailinema" {rPois rF+ rN+ Str+2}
 61411 | Vaults:4 | Found a transporter.
 62232 | Vaults:4 | Reached skill level 5 in Throwing
 62674 | Vaults:4 | Killed from afar by an ironbound frostheart

Illustrated notes

Levels and vault maps discovered:
D:1:      roderic_chinese_lattice_arrival, layout_loops_cross
D:2:      layout_basic, serial_shops, shop_scrolls, basic_altar,
          hellmonk_ecumenical_altar_defaced_shrine, kennysheep_potato
D:3:      layout_basic
D:4:      layout_cave_pools, nicolae_ossuary_entry_ruins,
          hangedman_abyss_or_decor_stabs, uniq_natasha, uniq_crazy_yiuf_cottage,
          uniq_pikel
D:5:      layout_basic, riverfiend_overflow_shadow_ancestor,
          gammafunk_ghost_cemetery
D:6:      layout_basic, minmay_temple_entry_gardened_gates,
          cheibrodos_sewer_entry_sluice, corexii_hall_statues_l
D:7:      layout_cave_pools, grunt_temple_overflow_open
D:8:      layout_cave_pools, dpeg_lair_monsters, uniq_maggie
D:9:      layout_irregular_city, erik_orc_1, serial_shops, shop_coins
D:10:     layout_loops_cross, uniq_maurice, uniq_snorg, uniq_josephine
D:11:     layout_roguey, hellmonk_bongcloud_opening,
          nicolae_wu_jian_immortal_techniques, uniq_grum
D:12:     layout_basic, portal_ice_cave_entry_ice_simulacra,
          trove_entry_hex_spiral, uniq_rupert
D:13:     layout_loops_corners, drop_trap, uniq_jorgrun
D:14:     layout_loops_ring, david_vaults_2
D:15:     grunt_enter_depths_hoard, layout_loops_ring, glass_columns_a,
          zin_academy
Temple:   minmay_crystal_spiral_temple
Lair:1:   layout_concentric_octagons
Lair:2:   layout_misc_corridors, grunt_megastairs_1
Lair:3:   layout_hall_layers, disabler_island
Lair:4:   layout_loops_ring, elwin_shoals_entry_stream,
          spider_nest_entry_funnel_web, serial_bayou_pond_a, uniq_urug
Lair:5:   layout_cellular_growth, minmay_slime_entry_jelly_boxes,
          patterned_corridor
Lair:6:   due_jungle_book, layout_cave_shapes, nzn_ghost_randoct,
          serial_bayou_lagoon_b
Spider:1: layout_chambers, uniq_roxanne
Spider:2: layout_spider_delve
Spider:3: layout_cave_pods
Spider:4: floodkiller_spider_rune_tomb
Orc:1:    layout_caves, basic_altar, nicolae_orc_lava_room
Orc:2:    st_orc_mages, layout_caves, basic_altar
Elf:1:    minmay_elf_arrival_summoners, layout_geoelf_octagon,
          minmay_elf_annihilation, minmay_shop_grid_forest,
          roderic_roman_lattice, uniq_frances, uniq_nikola, uniq_donald
Vaults:1: vaults_room_door_ring, v_alt_pattern_6, v_pattern_5,
          ontoclasm_vaults_bender, v_alt_pattern_4, v_misc_22,
          nicolae_vaults_halls_meeting, hangedman_vaults_stitches,
          grunt_vaults_twisty, hangedman_vaults_slice,
          ontoclasm_vaults_loading_screen, layout_vaults_ring
Vaults:2: gammafunk_ghost_fury_of_okawaru, vaults_room_fours, v_misc_24,
          ontoclasm_vaults_loading_screen, vaults_room_grunt_arrival_ludios,
          v_rooms_4, vaults_room_door_ring, hangedman_vaults_cutoff,
          nicolae_vaults_little_squares_3, vaults_room_pool,
          nicolae_vaults_mini_display_case, layout_vaults_chaotic_city
Vaults:3: vaults_mumra_hex, hangedman_vaults_nails,
          minmay_crypt_entry_nasty_monster, v_misc_30, serial_ice_h,
          nicolae_vaults_little_squares_4, hangedman_vaults_slice, v_misc_19,
          vaults_room_grid, nicolae_vaults_circle_grid_b,
          nicolae_vaults_yaktaur_gun_rack, layout_vaults_quadrants
Vaults:4: nicolae_vaults_little_squares_2, grunt_vaults_focal,
          nicolae_vaults_windows_and_doors_thing, gammafunk_dig_for_victory,
          grunt_vaults_trifunnel, ontoclasm_vaults_spin,
          nicolae_vaults_network_square, nicolae_vaults_shelves_hall, v_misc_24,
          nicolae_vaults_shelves_hall, vaults_mumra_chevron_long,
          layout_vaults_maze, serial_shops, bzr_entry_dummy

Skill      XL: |  1  2  3  4  5  6  7  8  9 10 11 12 13 14 15 16 17 18 |
---------------+-------------------------------------------------------+-----
Fighting       | 1 2 3 4 5 6 7 8 9 10 11 | 11.0
Stealth        | 1 2 3 5 7 8 10 11 12 13 14 17 18 | 18.6
Dodging        | 3 4 5 6 7 9 |  9.9
Spellcasting   | 2 3 4 6 7 8 9 10 12 13 14 | 14.6
Hexes          | 4 5 6 7 8 9 10 11 12 13 14 16 17 | 17.2
Short Blades   | 1 2 3 4 5 7 8 9 11 | 11.8
Slings         | 3 4 6 7 8 9 10 | 10.6
Shields        | 3 5 6 7 8 9 |  9.5
Transmutations | 3 5 6 |  6.5
Earth Magic    | 1 |  1.7
Armour         | 2 3 4 5 6 |  6.3
Translocations | 1 3 6 9 11 12 | 12.8
Throwing       | 3 5 |  5.1
Summonings     | 2 |  2.8

Action                   |  1- 3 |  4- 6 |  7- 9 | 10-12 | 13-15 | 16-18 || total
-------------------------+-------+-------+-------+-------+-------+-------++-------
Melee: Dagger            |    90 |   138 |   345 |   326 |       |       ||   899
       Punch             |     1 |     2 |     5 |     3 |       |       ||    11
       Rapier            |       |       |       |   127 |  1016 |  1430 ||  2573
 Fire: Hunting sling     |    50 |    93 |   231 |   200 |       |       ||   574
       Fustibalus        |       |       |       |   460 |   847 |    40 ||  1347
 Cast: Slow              |     1 |    22 |    60 |    55 |    10 |       ||   148
       Confusing Touch   |       |     9 |    23 |    31 |   104 |    54 ||   221
       Inner Flame       |       |       |     1 |     5 |    22 |     1 ||    29
       Portal Projectile |       |       |       |    14 |    22 |     3 ||    39
       Cause Fear        |       |       |       |     9 |     2 |       ||    11
       Yara's Violent Un |       |       |       |     6 |     4 |     5 ||    15
       Passwall          |       |       |       |     4 |    20 |       ||    24
       Blink             |       |       |       |       |     1 |       ||     1
       Enfeeble          |       |       |       |       |     2 |   152 ||   154
       Manifold Assault  |       |       |       |       |    79 |   124 ||   203
       Lesser Beckoning  |       |       |       |       |       |    28 ||    28
       Summon Forest     |       |       |       |       |       |     6 ||     6
       Silence           |       |       |       |       |       |     1 ||     1
Invok: Curse Item        |       |       |     3 |     3 |     2 |     3 ||    11
       Shatter the Chain |       |       |       |     1 |     1 |     1 ||     3
Evoke: Wand              |       |       |     6 |     8 |     8 |     2 ||    24
  Use: Scroll            |     2 |     5 |     3 |     5 |     6 |     4 ||    25
       Potion            |       |     1 |       |     6 |     4 |     3 ||    14
 Stab: Sleeping          |     4 |     5 |    20 |    13 |    52 |    57 ||   151
       Confused          |       |     7 |    18 |    17 |    80 |    53 ||   175
       Invisible         |       |       |       |     9 |       |   128 ||   137
       Paralysed         |       |       |       |     2 |     2 |       ||     4
       Distracted        |       |       |       |       |     1 |     7 ||     8
Armor: Robe              |    19 |     6 |    24 |    16 |       |       ||    65
       Acid dragon scale |       |       |       |     7 |    69 |    86 ||   162
Dodge: Dodged            |    76 |    74 |   230 |   343 |   399 |   501 ||  1623
Block: Buckler           |       |       |       |   121 |   249 |   327 ||   697

Table legend: (Time is in decaauts)
 A = Elapsed time spent in this place.
 B = Non-inter-level travel time spent in this place.
 C = Inter-level travel time spent in this place.
 D = Time resting spent in this place.
 E = Time spent auto-exploring this place.
 F = Levels seen in this place.
 G = Mean time per level.
                   A        B        C        D        E       F      G
               +--------+--------+--------+--------+--------+-----+--------+
         Total |  48918 |  46795 |   2123 |  18829 |  16205 |  38 | 1287.3 |
       Dungeon |  15810 |  14592 |   1218 |   4174 |   7324 |  15 | 1054.0 |
        Temple |    129 |     80 |     49 |      0 |     66 |   1 |  129.0 |
          Lair |   8642 |   8192 |    450 |   2875 |   3126 |   6 | 1440.3 |
   Spider Nest |   9411 |   9232 |    179 |   5045 |   2119 |   4 | 2352.8 |
  Orcish Mines |   2902 |   2832 |     70 |   1164 |    487 |   2 | 1451.0 |
   Elven Halls |     13 |     13 |      0 |      0 |      0 |   1 |   13.0 |
        Vaults |   9858 |   9703 |    155 |   4594 |   2687 |   4 | 2464.5 |
        Bazaar |    120 |    120 |      0 |      0 |     90 |   1 |  120.0 |
         Trove |     40 |     40 |      0 |      0 |      1 |   1 |   40.0 |
         Sewer |    421 |    421 |      0 |    104 |    142 |   1 |  421.0 |
       Ossuary |    813 |    813 |      0 |    481 |     91 |   1 |  813.0 |
      Ice Cave |    755 |    755 |      0 |    390 |     67 |   1 |  755.0 |
               +--------+--------+--------+--------+--------+-----+--------+

Top non-repeatable levels by time:
Spider:4: 5054 daAuts
Vaults:1: 3340 daAuts
Vaults:2: 2889 daAuts
Spider:3: 2481 daAuts
  Lair:1: 2465 daAuts
Vaults:3: 1858 daAuts
   Orc:2: 1770 daAuts
Vaults:4: 1770 daAuts
     D:6: 1738 daAuts
  Lair:6: 1577 daAuts
     D:1: 1507 daAuts
     D:4: 1501 daAuts
     D:7: 1494 daAuts
     D:9: 1416 daAuts
     D:3: 1315 daAuts
